 Dungeon Crawl Stone Soup version 0.13.0-6-g40e4d2d (webtiles) character file.

6736 Malachi the Impaler (level 10, -6/69 HPs)
             Began as a Merfolk Gladiator on Oct 15, 2013.
             Was a Believer of Okawaru.
             Killed by the air
             ... invoked by Gastronok
              (26 damage)
             ... on Level 9 of the Dungeon.
             The game lasted 00:22:27 (10340 turns).

Malachi the Impaler (Merfolk Gladiator)            Turns: 10340, Time: 00:22:27

HP  -6/69        AC 16     Str 21      XL: 10   Next: 97%
MP   9/9         EV  6     Int  7      God: Okawaru [**....]
Gold 345         SH 24     Dex 16      Spells:  0 memorised,  9 levels left

Res.Fire  : . . .   See Invis. : .   a - +1,+0 trident
Res.Cold  : . . .   Warding    : .   q - +5 chain mail {rN+} (curse)
Life Prot.: + . .   Conserve   : .   g - +0 shield
Res.Poison: +       Res.Corr.  : .   l - +0 plumed helmet
Res.Elec. : .       Clarity    : .   k - +0 cloak {MR+}
Sust.Abil.: . .     Spirit.Shd : .   (no gloves)
Res.Mut.  : .       Stasis     : .   (no boots)
Res.Rott. : .       Flight     : .   (no amulet)
Saprovore : . . .                    E - +3 ring of strength
                                     p - ring of poison resistance

@: very slightly contaminated, slowed, very slow, quite resistant to hostile
enchantments, extremely unstealthy
A: change form in water, swift swim
a: Heroism, Renounce Religion


You were on level 9 of the Dungeon.
You worshipped Okawaru.
Okawaru was pleased with you.
You were hungry.

You visited 2 branches of the dungeon, and saw 11 of its levels.

You collected 375 gold pieces.
You spent 50 gold pieces at shops.

Inventory:

Hand weapons
 a - a +1,+0 trident (weapon)
 n - a +0,+1 orcish great sword
 s - a +0,+0 bardiche
Missiles
 d - 4 throwing nets (quivered)
Armour
 g - a +0 shield (worn)
 k - a +0 cloak of magic resistance (worn)
 l - a +0 plumed helmet (worn)
 q - a cursed +5 chain mail of positive energy (worn)
Magical devices
 e - a wand of random effects (8)
 h - a wand of draining (7)
 t - a wand of teleportation (3)
 C - a wand of lightning (4)
 H - a wand of random effects (16)
 I - a wand of teleportation (3)
Comestibles
 c - a sausage
 f - 6 bread rations
 A - 4 meat rations
 B - 2 beef jerkies
 F - 8 cheeses
Scrolls
 o - 3 scrolls of amnesia
 v - 5 scrolls of identify
 x - 5 scrolls of remove curse
 z - a scroll of teleportation
 D - a scroll of enchant armour
Jewellery
 i - an uncursed ring of wizardry
 m - an uncursed ring of invisibility
 p - a ring of poison resistance (left hand)
 y - an uncursed ring of protection from magic
 E - a +3 ring of strength (right hand)
Potions
 b - a potion of heal wounds
 j - 3 potions of agility
 r - 2 potions of curing
 w - a potion of berserk rage


   Skills:
 - Level 2.1 Fighting
 * Level 16.6 Polearms
 - Level 2.0 Throwing
 - Level 3.1 Armour
 - Level 6.6 Dodging
 - Level 0.5 Stealth
 * Level 8.7 Shields


You had 9 spell levels left.
You didn't know any spells.

Dungeon Overview and Level Annotations

Branches:
Dungeon (10/27)            Temple (1/1) D:7            Lair (0/8) D:9
    Orc: D:6-11

Altars:
Ashenzari
Cheibriados
Elyvilon
Fedhas
Makhleb
Nemelex Xobeh
Okawaru
Sif Muna
Trog
Vehumet
Xom
Yredelemnul
Zin
the Shining One

Shops:
D:6 !

Annotations:
D:9 Gastronok


Message History

Gastronok bites you!
You completely miss the crimson imp. You block the crimson imp's attack.
You puncture the crimson imp!
You kill the crimson imp!
Okawaru accepts your kill.
You hit Gastronok.
Gastronok is lightly wounded.
Gastronok closely misses you.
You hit Gastronok.
Gastronok is lightly wounded.
You hit Gastronok.
Gastronok is lightly wounded.
Gastronok bites you!
* * * LOW HITPOINT WARNING * * *
You puncture Gastronok!
Gastronok is lightly wounded.
You see here 2 darts.
Gastronok waves his eye-stalks in wide circles.
The air twists around and strikes you!
You die...

###########........#
#........# #........#
#........# #........#
#........# #........#
#........# #...@....#
#........# #...j....#
#############.(..(...#
............(........#
...............(.....#
........(.((....((...#
......(.((().....(...#
..........))......>..#


You could see Gastronok.

Vanquished Creatures
  The ghost of Kabixx the Thaumaturge, an experienced DsWz of Sif Muna (D:8)
  Joseph (D:9)
  Psyche (D:9)
  A troll (D:9)
  Grinder (D:5)
  A blink frog (D:9)
  2 hippogriffs
  A hungry ghost (D:10)
  A wyvern (D:8)
  Edmund (D:5)
  2 manticores
  3 orc warriors
  2 sky beasts
  2 ice beasts
  3 phantoms
  The ghost of napalmx the Skirmisher, an average HOFi (D:3)
  A human (D:8)
  A centaur (D:7)
  An ogre (D:5)
  A big kobold (D:9)
  A water moccasin (D:8)
  2 giant frogs
  A gnoll sergeant (D:8)
  6 killer bees (D:7)
  8 crimson imps
  3 goliath beetles (D:7)
  2 orc priests
  Crazy Yiuf (D:3)
  A scorpion (D:8)
  A jelly (D:9)
  A water moccasin skeleton (D:4)
  3 hounds
  2 iguanas
  5 worker ants
  12 orc wizards
  A big kobold zombie (D:9)
  4 sheep (D:8)
  Ijyb (D:2)
  Terence (D:2)
  A hound skeleton (D:7)
  A mummy (D:7)
  3 adders
  5 gnolls (D:8)
  An inept item mimic (D:8)
  A worm zombie (D:5)
  2 worms (D:6)
  2 giant eyeballs
  10 giant geckos
  40 orcs
  18 bats
  5 giant cockroaches
  8 hobgoblins
  15 kobolds
  3 quokkas
  A ball python (D:3)
  A giant gecko skeleton (D:7)
  A giant gecko zombie (D:4)
  9 giant newts
  A giant spore (D:7)
  5 goblins
  3 hobgoblin skeletons
  6 jackals
  A jackal zombie (D:5)
  A kobold skeleton (D:7)
  25 rats
  3 ballistomycetes (D:7)
  A fungus (D:3)
257 creatures vanquished.

Notes
Turn   | Place    | Note
--------------------------------------------------------------
     0 | D:1      | Malachi, the Merfolk Gladiator, began the quest for the Orb.
     0 | D:1      | Reached XP level 1. HP: 17/17 MP: 0/0
   160 | D:1      | Reached skill level 5 in Polearms
   167 | D:1      | Reached XP level 2. HP: 18/23 MP: 1/1
   652 | D:2      | Reached XP level 3. HP: 28/28 MP: 2/2
   676 | D:2      | Reached skill level 6 in Polearms
   758 | D:2      | Noticed Terence
   760 | D:2      | Noticed Ijyb
   804 | D:2      | Killed Ijyb
   890 | D:3      | Reached XP level 4. HP: 11/35 MP: 3/3
   936 | D:3      | Reached skill level 7 in Polearms
  1165 | D:2      | Killed Terence
  2505 | D:3      | Reached skill level 1 in Armour
  2754 | D:3      | Reached XP level 5. HP: 38/40 MP: 4/4
  2803 | D:3      | Noticed napalmx's ghost (average HOFi)
  2833 | D:3      | Killed napalmx's ghost
  3208 | D:3      | Noticed Crazy Yiuf
  3215 | D:3      | Killed Crazy Yiuf
  3215 | D:3      | Reached XP level 6. HP: 34/46 MP: 5/5
  3458 | D:4      | Reached skill level 8 in Polearms
  3458 | D:4      | Reached skill level 1 in Shields
  3611 | D:4      | Reached XP level 7. HP: 51/51 MP: 6/6
  3867 | D:4      | Reached skill level 9 in Polearms
  4280 | D:5      | Entered Level 5 of the Dungeon
  4357 | D:5      | Noticed Grinder
  4364 | D:5      | Paralysed by a giant eyeball for 3 turns
  4389 | D:5      | Paralysed by a giant eyeball for 4 turns
  4415 | D:5      | Killed Grinder
  4415 | D:5      | Reached skill level 10 in Polearms
  4415 | D:5      | Reached XP level 8. HP: 36/58 MP: 7/7
  4544 | D:5      | Noticed Edmund
  4577 | D:5      | Killed Edmund
  4679 | D:5      | Found a shimmering altar of Xom.
  4679 | D:5      | Found a shimmering altar of Xom.
  4680 | D:5      | Found a shimmering altar of Xom.
  4988 | D:5      | Reached skill level 11 in Polearms
  5132 | D:6      | Found Boiph's Distillery.
  5139 | D:6      | Bought a potion of heal wounds for 30 gold pieces
  5139 | D:6      | Bought a potion of curing for 20 gold pieces
  5287 | D:6      | Reached skill level 5 in Shields
  5508 | D:6      | Found a basalt altar of Yredelemnul.
  5692 | D:7      | Reached XP level 9. HP: 63/63 MP: 8/8
  5793 | D:7      | Reached skill level 12 in Polearms
  7147 | D:7      | Reached skill level 13 in Polearms
  7224 | D:7      | Found a staircase to the Ecumenical Temple.
  7251 | Temple   | Entered the Ecumenical Temple
  7286 | Temple   | Became a worshipper of Warmaster Okawaru
  8087 | D:8      | Reached skill level 14 in Polearms
  8087 | D:8      | Reached XP level 10. HP: 51/69 MP: 9/9
  8163 | D:8      | Noticed Kabixx's ghost (experienced DsWz)
  8472 | D:8      | Killed Kabixx's ghost
  8472 | D:8      | Reached skill level 5 in Dodging
  8783 | D:8      | Acquired Okawaru's first power
  8783 | D:8      | Reached skill level 15 in Polearms
  9576 | D:9      | Found a staircase to the Lair.
  9648 | D:9      | Noticed Psyche
  9664 | D:9      | Killed Psyche
  9678 | D:9      | Reached skill level 16 in Polearms
  9734 | D:9      | Noticed Joseph
  9764 | D:9      | Killed Joseph
 10040 | D:9      | Noticed Gastronok
 10080 | D:10     | Entered Level 10 of the Dungeon
 10340 | D:9      | Killed from afar by Gastronok

Action                   |  1- 3 |  4- 6 |  7- 9 | 10-12 || total
-------------------------+-------+-------+-------+-------++-------
Melee: Trident           |   113 |   248 |   816 |   171 ||  1348
       Bardiche          |       |       |    38 |   110 ||   148
Throw: Throwing net      |       |     1 |       |       ||     1
Invok: Heroism           |       |       |       |     1 ||     1
Evoke: Wand              |       |       |     4 |       ||     4
  Use: Potion            |     1 |     1 |     4 |     3 ||     9
       Scroll            |       |     6 |     8 |     2 ||    16
 Stab: Invisible         |       |       |       |     2 ||     2
